 Dungeon Crawl Stone Soup version 0.15-a0-1115-g12a312a (console) character file.

23 gw the Cudgeler (level 2, -1/32 HPs)
             Began as an Ogre Berserker on May 28, 2014.
             Was a Believer of Trog.
             Slain by Sigmund
             ... wielding a +0,+0 scythe
              (6 damage)
             ... on Level 2 of the Dungeon.
             The game lasted 00:00:23 (983 turns).

gw the Cudgeler (Ogre Berserker)                     Turns: 983, Time: 00:00:23

HP  -1/32        AC  4     Str 21      XL: 2   Next: 95%
MP   2/2         EV 10     Int  6      God: Trog [**....]
Gold 0           SH  0     Dex  9      Spells:  0 memorised,  1 level left

rFire  . . .     SeeInvis .     a - +0 mace
rCold  . . .     Clarity  .     b - +0 animal skin
rNeg   . . .     Conserve .     (shield restricted)
rPois  .         rCorr    .     (helmet restricted)
rElec  .         rRot     .     e - +0 cloak
SustAb .         Spirit   .     (gloves unavailable)
rMut   .         Warding  .     (boots unavailable)
Gourm  .         Stasis   .     (no amulet)
MR     .....                    (no ring)
                                (no ring)

@: confused, not resistant to hostile enchantments, very unstealthy
A: unfitting armour, tough skin 1
a: Burn Spellbooks, Berserk, Trog's Hand, Renounce Religion


You were on level 2 of the Dungeon.
You worshipped Trog.
Trog was pleased with you.
You were not hungry.

You visited 1 branch of the dungeon, and saw 2 of its levels.

Inventory:

Hand weapons
 a - a +0,+0 mace (weapon)
Missiles
 d - 20 stones (quivered)
 f - 22 darts
Armour
 b - a +0 animal skin (worn)
 e - a +0 cloak (worn)
Comestibles
 c - a meat ration
 g - a slice of pizza
Scrolls
 h - a scroll of enchant weapon II {unknown}
 i - 2 scrolls of fog {unknown}


   Skills:
 + Level 4.1 Fighting
 * Level 4.7 Maces & Flails
 + Level 0.7 Throwing
 + Level 3.2 Dodging


You had one spell level left.
You didn't know any spells.

Dungeon Overview and Level Annotations

Branches:
Dungeon (2/15)

Altars:

Annotations:
D:2 Sigmund


Innate Abilities, Weirdness & Mutations

You are too large for most types of armour.
You have tough skin (AC +1).


Message History

Trog accepts your kill.
You hear some strange, mumbled words.
You are confused.
MOVING TO (0,-3) Ouch!
You hear some strange, mumbled words.
Something tries to affect you, but you resist.
MOVING TO (0,-2) Ouch!
MOVING TO (0,-1)
Something hits you but does no damage.
You see here a goblin corpse.
MOVING TO (-7,-7)
Something hits you but does no damage.
ATTACKING (1,0) MOVING TO (-7,-8)
Something hits you!
MOVING TO (-7,-7)
Something hits you.
You die...

############
#..........#
#.########.#
#.# #.#
########.#
#.#
#..$.....#
#.#
#........#
##.#
#).#####.#
#O.# #..#
### ##%#
..># #.#
..)# #.####
#..####
#....#
.......
#..#.#
#..##.. #>.#
# #..# .
#(.. #..#
#(...


There were no monsters in sight!

Table legend:
 A = Turns spent in this place as a percentage of turns spent in the entire game.
 B = Non-inter-level travel turns spent in this place as a percentage of non-inter-level travel turns spent in the entire game.
 C = Inter-level travel turns spent in this place as a percentage of turns spent in this place.
 D = Turns resting spent in this place as a percentage of non-inter-level travel turns spent in this place.
 E = Turns spent auto-exploring this place as a percentage of non-inter-level travel turns spent in this place.
 F = Non-inter-level travel turns spent in this place divided by the number of levels of this place that you've seen.
                   A       B       C       D       E      F
               +-------+-------+-------+-------+-------+----------------------
         Total | 100.0 | 100.0 |   0.5 |   3.3 |  30.4 |  92.0
       Dungeon | 100.0 | 100.0 |   0.5 |   3.3 |  30.4 |  92.0
               +-------+-------+-------+-------+-------+----------------------

Table legend:
 A = Kills in this place as a percentage of kills in entire the game.
 B = Kills by you in this place as a percentage of kills by you in the entire game.
 C = Kills by friends in this place as a percentage of kills by friends in the entire game.
 D = Other kills in this place as a percentage of other kills in the entire game.
 E = Experience gained in this place as a percentage of experience gained in the entire game.
 F = Experience gained in this place divided by the number of levels of this place that you have seen.
                   A       B       C       D       E      F
               +-------+-------+-------+-------+-------+----------------------
         Total | 100.0 | 100.0 |  -nan |  -nan | 100.0 |  16.5
       Dungeon | 100.0 | 100.0 |  -nan |  -nan | 100.0 |  16.5
               +-------+-------+-------+-------+-------+----------------------

Vanquished Creatures
  2 bats (D:2)
  3 giant cockroaches
  3 hobgoblins (D:1)
  4 giant newts
  4 goblins
  6 kobolds
22 creatures vanquished.

Notes
Turn   | Place    | Note
--------------------------------------------------------------
     0 | D:1      | gw, the Ogre Berserker, began the quest for the Orb.
     0 | D:1      | Reached XP level 1. HP: 24/24 MP: 1/1
   259 | D:1      | Reached XP level 2. HP: 32/32 MP: 2/2
   925 | D:2      | Acquired Trog's second power
   964 | D:2      | Noticed Sigmund
   983 | D:2      | Slain by Sigmund

Action                   || total
-------------------------++-------
Melee: Mace              ||    28
Throw: Stone             ||    63
  Use: Scroll            ||     1

Vault maps used:
D:1:      dpeg_arrival_solitude
D:2:      lemuel_round_altar, uniq_sigmund
